 Dungeon Crawl Stone Soup version 0.23.2-1-ga50397a (webtiles) character file.

Game seed: 16272622304181860054

5562 IBeShadow the Summoner (level 10, 0/90 HPs)
             Began as a Black Draconian Summoner on May 11, 2019.
             Was an Initiate of Ashenzari.
             Slain by a tengu warrior
             ... wielding a +0 bardiche of venom
              (22 damage)
             ... on level 10 of the Dungeon.
             The game lasted 00:41:04 (14588 turns).

IBeShadow the Summoner (Black Draconian Summoner)  Turns: 14588, Time: 00:41:04

Health: 0/90       AC:  7    Str: 13    XL:     10   Next: 44%
Magic:  3/16       EV: 17    Int: 18    God:    Ashenzari [......]
Gold:   379        SH:  0    Dex: 18    Spells: 8/18 levels left

rFire    + + .     SeeInvis +   B - +0 glaive (freeze) (curse)
rCold    . . .     Gourm    .   (shield currently unavailable)
rNeg     . . .     Faith    .   (armour unavailable)
rPois    .         Spirit   .   w - +0 hat
rElec    +         Reflect  .   x - scarf {rC+ rF+}
rCorr    .         Harm     .   (no gloves)
MR       .....                  (no boots)
Stlth    +++.......             (no amulet)
HPRegen  0.25/turn              k - ring of protection from fire
MPRegen  0.15/turn              C - ring of Itopn {Wiz rC- Str+3 SInv}

@: agile, very slightly contaminated, invisible
A: breathe lightning, unfitting armour, electricity resistance, cold-blooded, AC
+7
a: Breathe Lightning, Curse Item, Renounce Religion


You were on level 10 of the Dungeon.
You worshipped Ashenzari.
Ashenzari was noncommittal.
You were not hungry.

You visited 2 branches of the dungeon, and saw 12 of its levels.

You collected 421 gold pieces.
You spent 42 gold pieces at shops.

Inventory:

Hand Weapons
 z - the cursed +1 war axe of Defilement {chop, Fragile rC+ Int+4}
   (You found it on level 5 of the Dungeon)

   It inflicts extra damage upon your enemies.
   It affects your intelligence (+4).
   It protects you from cold.
   It will be destroyed if unequipped.
   It has a curse placed upon it.
 B - a cursed +0 glaive of freezing (weapon)
 H - the cursed +1 hand axe of Edeedupp {flame, Str-2 Int+7 Dex+8 Stlth-}
   (You took it off a centaur on level 10 of the Dungeon)

   It has been specially enchanted to burn those struck by it, causing extra
   injury to most foes and up to half again as much damage against particularly
   susceptible opponents.
   Big, fiery blades are also staple armaments of hydra-hunters.
   It affects your strength (-2).
   It affects your intelligence (+7).
   It affects your dexterity (+8).
   It makes you less stealthy.
   It has a curse placed upon it.
Armour
 w - a +0 hat (worn)
 x - a scarf of resistance (worn)
Jewellery
 k - a ring of protection from fire (left hand)
 u - an uncursed amulet of harm
 C - the ring of Itopn (right hand) {Wiz rC- Str+3 SInv}
   (You found it on level 8 of the Dungeon)

   [ring of wizardry]

   It improves your spell success rate.
   It affects your strength (+3).
   It makes you vulnerable to cold.
   It lets you see invisible.
 I - an uncursed ring of magical power
Wands
 d - a wand of polymorph (2)
 r - a wand of random effects (20)
 s - a wand of flame (25)
 v - a wand of iceblast (9)
 J - a wand of disintegration (16)
Scrolls
 c - a scroll of remove curse
 h - 2 scrolls of magic mapping {unknown}
 i - 2 scrolls of enchant armour {unknown}
 j - 3 scrolls of identify
 l - 4 scrolls of amnesia {unknown}
 n - 3 scrolls of blinking {unknown}
 p - a scroll of immolation {unknown}
 q - 4 scrolls of fear {unknown}
 t - 2 scrolls of silence {unknown}
 y - 3 scrolls of teleportation
 E - 2 scrolls of enchant weapon {unknown}
 G - a scroll of random uselessness {unknown}
Potions
 a - 2 potions of lignification
 g - 2 potions of flight
 m - a potion of curing
 o - 3 potions of degeneration {unknown}
 A - a potion of brilliance {unknown}
 F - a potion of mutation {unknown}
 K - a potion of haste {unknown}
Comestibles
 b - 10 rations


   Skills:
 + Level 8.9 Fighting
 + Level 7.8 Polearms
 - Level 1.7 Dodging
 - Level 1.7 Stealth
 - Level 4.5 Spellcasting
 + Level 9.2 Summonings
 - Level 6.3 Air Magic


You had 8 spell levels left.
You knew the following spells:

 Your Spells              Type           Power        Failure   Level  Hunger
a - Summon Small Mammal   Summ           ####         1%          1    None
b - Call Imp              Summ           #####...     1%          2    #......
c - Call Canine Familiar  Summ           #####...     1%          3    ###....
d - Summon Lightning Spi  Summ/Air       ####....     2%          4    ####...

Your spell library contained the following spells:

 Spells                   Type           Power        Failure   Level  Hunger
 Summon Guardian Golem    Hex/Summ       ###.....     2%          3    ###....
 Magic Dart               Conj           #...         6%          1    None
 Searing Ray              Conj           #.....       9%          2    #......
 Summon Ice Beast         Ice/Summ       ###.....     9%          4    ####...
 Dazzling Spray           Conj/Hex       #.....       16%         3    ###....
 Force Lance              Conj/Tloc      #.......     45%         4    ####...
 Fulminant Prism          Conj/Hex       #.........   45%         4    ####...
 Iskenderun's Mystic Bla  Conj           #.......     45%         4    ####...


Dungeon Overview and Level Annotations

Branches:
Dungeon (11/15)            Temple (1/1) D:6
   Lair: D:8-11         Orc: D:9-12

Altars:
Ashenzari
Cheibriados
Dithmenos
Elyvilon
Fedhas
Gozag
Hepliaklqana
Kikubaaqudgha
Makhleb
Nemelex Xobeh
Okawaru
Qazlal
Ru
Sif Muna
Trog
Uskayaw
Vehumet
Wu Jian
Xom
Yredelemnul
Zin
The Shining One

Shops:
D:5 *   D:8 [


Innate Abilities, Weirdness & Mutations

You can breathe wild blasts of lightning.
Your glossy black scales are hard. (AC +7)
You cannot fit into any form of body armour.
You are resistant to electric shocks. (rElec)
You are cold-blooded and may be slowed by cold attacks.


Message History

Attack whom?
Press: ? - help, Dir - move target cursor, f - tengu warrior
Aim: a tengu warrior, wielding a +0 bardiche of venom and wearing a +0 ring mail (lightly wounded, hasn't noticed you)
You reach to attack!
You miss the tengu warrior.
The tengu warrior is lightly wounded.
The tengu warrior misses you.
The tengu warrior pecks you but does no damage.
The tengu warrior barely misses you.
You miss the tengu warrior.
You tail-slap the tengu warrior, but do no damage.
The tengu warrior is lightly wounded.
The tengu warrior misses you. The tengu warrior barely misses you.
The tengu warrior claws you but does no damage.
You hit the tengu warrior. You freeze the tengu warrior.
The tengu warrior is moderately wounded.
You closely miss the tengu warrior.
Your tail-slap misses the tengu warrior.
The tengu warrior is moderately wounded.
The tengu warrior hits you with a +0 bardiche of venom!!
You die...

##.# ##.##
...#######.#.##
##........###.#
#.#######.#.## #.#
##.##
##.########.######
.................#
......(.....Q###Q#
.....######..# #@#
##.#.##....hQ# #.#
##.#(##.####.###.#
##........##.##..#
####.##.#.##.##.##
.# #.##.#.##.##.#
.# #.##.#.##.##.#
.# #.#....##.##.#
.# #....####.##.#


You could see a tengu warrior.

Vanquished Creatures
  An unseen horror (D:10)
  2 trolls
  2 hippogriffs
  A hungry ghost (D:10)
  A soldier ant (D:10)
  4 orc warriors
  2 ice beasts
  2 sky beasts (D:10)
  A black bear (D:10)
  A phantom (D:10)
  2 centaurs
  A big kobold (D:8)
  4 bullfrogs
  A scorpion (D:8)
  A water moccasin skeleton (D:4)
  A wyvern skeleton (D:6)
  5 wights (D:10)
  A howler monkey (D:6)
  2 crimson imps (D:8)
  A quasit (D:6)
  4 hounds
  2 jellies
  2 orc priests
  5 orc wizards
  A bullfrog skeleton (D:8)
  An iguana (D:10)
  4 worker ants
  A howler monkey zombie (D:6)
  7 gnolls
  9 adders
  4 shadow imps
  A worm (D:3)
  3 dart slugs
  2 leopard geckos
  21 orcs
  A ball python (D:1)
  11 giant cockroaches
  12 goblins
  12 hobgoblins
  8 jackals
  7 kobolds
  4 quokkas
  7 bats
  3 frilled lizards
  7 rats
175 creatures vanquished.

Vanquished Creatures (collateral kills)
  A two-headed ogre (D:10)
  A hornet (D:7)
  Sigmund (D:5)
  A hungry ghost (D:10)
  Duvessa (D:4)
  A water moccasin (D:8)
  An orc warrior (D:8)
  A black bear (D:10)
  A phantom (D:9)
  3 ogres
  3 bullfrogs (D:8)
  Dowan (D:4)
  3 scorpions
  An orc priest (D:4)
  Jessica (D:2)
  2 worker ants
  Robin (D:2)
  4 gnolls (D:3)
  4 adders
  A worm (D:2)
  3 leopard geckos
  13 orcs
  6 goblins
  3 hobgoblins
  3 jackals (D:3)
  5 kobolds (D:8)
  2 quokkas (D:8)
  A bat (D:3)
  A rat (D:2)
70 creatures vanquished.

Grand Total: 245 creatures vanquished

Notes
Turn   | Place    | Note
-------+----------+-------------------------------------------
     0 | D:1      | IBeShadow the Draconian Summoner began the quest for the
                  | Orb.
     0 | D:1      | Reached XP level 1. HP: 14/14 MP: 3/3
   281 | D:1      | Reached XP level 2. HP: 10/22 MP: 5/5
   306 | D:1      | Learned a level 2 spell: Call Imp
   323 | D:1      | Reached skill level 1 in Fighting
   898 | D:1      | Reached XP level 3. HP: 27/28 MP: 6/6
  1959 | D:2      | Noticed Robin
  2027 | D:2      | Killed Robin
  2315 | D:2      | Noticed Jessica
  2338 | D:2      | Killed Jessica
  2338 | D:2      | Reached XP level 4. HP: 36/36 MP: 4/8
  2974 | D:3      | Found an ornate altar of the Wu Jian Council.
  2977 | D:3      | Found a blossoming altar of Fedhas.
  2978 | D:3      | Found a snail-covered altar of Cheibriados.
  2978 | D:3      | Found a sparkling altar of Nemelex Xobeh.
  2978 | D:3      | Found a hazy altar of Hepliaklqana.
  2981 | D:3      | Found a sacrificial altar of Ru.
  3063 | D:3      | Reached skill level 1 in Polearms
  3383 | D:3      | Reached XP level 5. HP: 41/42 MP: 4/9
  3812 | D:3      | Reached skill level 5 in Summonings
  3933 | D:3      | Found a shadowy altar of Dithmenos.
  4503 | D:3      | Reached XP level 6. HP: 47/51 MP: 11/11
  4735 | D:4      | Noticed Duvessa
  4735 | D:4      | Noticed Dowan
  4747 | D:4      | Killed Duvessa
  4770 | D:4      | Killed Dowan
  5558 | D:5      | Entered Level 5 of the Dungeon
  5848 | D:5      | Found Huty's General Store.
  5855 | D:5      | Bought a scroll of teleportation for 42 gold pieces
  5981 | D:5      | Your scales start taking on a glossy black colour.
  5981 | D:5      | Reached XP level 7. HP: 22/58 MP: 10/13
  5981 | D:5      | Gained mutation: You are resistant to electric shocks.
                  | (rElec) [Black Draconian growth]
  6347 | D:5      | Got a steaming war axe
  6348 | D:5      | Identified the cursed +1 war axe of Defilement {chop,
                  | Fragile rC+ Int+4} (You found it on level 5 of the Dungeon)
  6660 | D:5      | Found a glowing golden altar of the Shining One.
  6666 | D:5      | Noticed Sigmund
  6676 | D:5      | Killed Sigmund
  6863 | D:6      | Found a staircase to the Ecumenical Temple.
  6881 | D:6      | Reached skill level 6 in Summonings
  6897 | Temple   | Entered the Ecumenical Temple
  8297 | D:6      | Learned a level 3 spell: Call Canine Familiar
  8302 | D:6      | Learned a level 4 spell: Summon Lightning Spire
  8664 | D:7      | Found the +2 robe of Vines {NoPotionHeal Regen+7}
  8777 | D:7      | Reached skill level 5 in Fighting
  8777 | D:7      | Reached XP level 8. HP: 62/68 MP: 10/14
  9043 | D:7      | Noticed a hornet
  9058 | D:7      | Killed a hornet
  9058 | D:7      | Reached skill level 1 in Air Magic
  9061 | D:7      | HP: 3/68 [poisoned by a hornet]
  9068 | D:7      | HP: 2/68 [poisoned by a hornet]
  9075 | D:7      | HP: 1/68 [poisoned by a hornet]
  9083 | D:7      | HP: 1/68 [poisoned by a hornet]
  9815 | D:8      | Noticed a hippogriff
  9825 | D:8      | Killed a hippogriff
 10026 | D:8      | Found Wikliman's Armour Emporium.
 10049 | D:8      | Got a flickering granite ring
 10330 | D:8      | Reached skill level 5 in Polearms
 10330 | D:8      | Reached skill level 7 in Summonings
 10522 | D:8      | Reached XP level 9. HP: 44/77 MP: 3/15
 10866 | D:8      | Identified the ring of Itopn {Wiz rC- Str+3 SInv} (You
                  | found it on level 8 of the Dungeon)
 11063 | D:8      | Reached skill level 5 in Air Magic
 11284 | D:9      | Noticed a troll
 11296 | D:9      | Killed a troll
 11848 | D:9      | Found a hide-covered altar of Uskayaw.
 11880 | D:9      | Found an opulent altar of Gozag.
 11880 | D:9      | Found a shattered altar of Ashenzari.
 12081 | D:9      | Reached skill level 8 in Summonings
 12428 | D:9      | Became a worshipper of Ashenzari the Shackled
 12464 | D:10     | Entered Level 10 of the Dungeon
 12531 | D:10     | Noticed a two-headed ogre
 12543 | D:10     | Killed a two-headed ogre
 12723 | D:10     | Identified the cursed +1 hand axe of Edeedupp {flame, Str-2
                  | Int+7 Dex+8 Stlth-}
 12749 | D:10     | Reached XP level 10. HP: 88/88 MP: 16/16
 13471 | D:10     | Found a glowing silver altar of Zin.
 13683 | D:11     | Noticed an unseen horror
 13683 | D:11     | Noticed a tengu warrior
 13782 | D:11     | Noticed a tengu warrior
 13791 | D:10     | Killed an unseen horror
 13791 | D:10     | Reached skill level 9 in Summonings
 14588 | D:10     | Slain by a tengu warrior

Skill      XL: |  1  2  3  4  5  6  7  8  9 10 |
---------------+-------------------------------+-----
Fighting       | 1 2 3 5 6 7 8 |  8.9
Spellcasting   | 3 4 |  4.5
Polearms       | 1 2 4 5 6 7 |  7.8
Summonings     | 5 6 7 8 9 |  9.2
Air Magic      | 4 6 |  6.3
Dodging        | |  1.7
Stealth        | |  1.7

Action                   |  1- 3 |  4- 6 |  7- 9 | 10-12 || total
-------------------------+-------+-------+-------+-------++-------
Melee: Unarmed           |    39 |       |       |       ||    39
       Dagger            |    21 |       |       |       ||    21
       Tailslap          |    15 |    17 |    29 |     5 ||    66
       Short sword       |   156 |       |       |       ||   156
       Spear             |     2 |    95 |       |       ||    97
       Halberd           |       |    92 |       |       ||    92
       Trident           |       |    76 |    16 |       ||    92
       Glaive            |       |       |   327 |    82 ||   409
 Cast: Summon Small Mamm |    24 |     2 |     1 |       ||    27
       Call Imp          |       |    20 |    59 |     4 ||    83
       Call Canine Famil |       |       |    17 |     6 ||    23
       Summon Lightning  |       |       |     1 |     7 ||     8
Invok: Curse Item        |       |       |     1 |       ||     1
 Abil: Breathe Lightning |       |       |     1 |     1 ||     2
  Use: Scroll            |       |     1 |     5 |       ||     6
       Potion            |       |     1 |     1 |     5 ||     7
 Stab: Sleeping          |     4 |     7 |     3 |     1 ||    15
       Distracted        |       |     2 |     4 |     1 ||     7
  Eat: Chunk             |     5 |    11 |    20 |     3 ||    39
       Ration            |       |       |     3 |     2 ||     5
Armor: Skin              |    84 |    96 |   128 |    30 ||   338
Dodge: Dodged            |   159 |   207 |   240 |    77 ||   683
